Map: Catalyst LE

Players

uThermal - Winner!

  • Race: Terran Terran
  • Spawn Location: 11:00

Classic

  • Race: Protoss Protoss
  • Spawn Location: 5:00

Event: WESG 2017 Haikou

VOD

Have the link to the VOD?

Description

Time

  • Played on: March 15, 2018, 3:04 a.m.
  • Length: 9:25

All games in this series

Show
View Real Time Build Order
Export as new Build Order

uThermal Terran - Winner!

Build Orders: MMM Bio 

Get SALT Encoding   

  12  0:01  SCV  
  13  0:13  SCV  
  14  0:18  Supply Depot  
  14  0:25  SCV  
  15  0:29  Refinery  
  15  0:39  SCV  
  16  0:44  Barracks  
  16  0:51  SCV  
  17  1:04  SCV  
  18  1:16  SCV  
  19  1:35  Orbital Command, Marine  
  19  1:39  Factory  
  20  1:47  Supply Depot  
  20  1:53  Barracks Reactor  
  20  2:00  SCV  
  21  2:09  Command Center  
  21  2:12  SCV  
  22  2:24  SCV  
  22  2:26  Supply Depot  
  23  2:32  Hellion x2  
  23  2:37  SCV  
  28  2:41  Refinery  
  28  2:49  SCV  
  29  2:54  Hellion x2  
  33  3:01  SCV  
  33  3:02  Starport  
  34  3:13  SCV  
  34  3:15  Widow Mine x2  
  39  3:22  Orbital Command  
  39  3:24  Barracks Tech Lab  
  39  3:28  SCV  
  40  3:36  Widow Mine  
  40  3:37  Widow Mine  
  44  3:42  Medivac  
  44  3:44  SCV  
  44  3:45  Marine  
  49  3:48  SCV  
  49  3:54  Supply Depot  
  49  3:56  SCV  
  49  4:00  SCV  
  51  4:03  Marine  
  51  4:06  Stimpack  
  51  4:09  Factory Tech Lab  
  52  4:10  SCV  
  52  4:12  Barracks  
  53  4:18  Starport Reactor  
  53  4:19  SCV  
  53  4:20  Barracks  
  53  4:21  Marine  
  53  4:22  SCV  
  56  4:28  Supply Depot  
  56  4:30  Bunker  
  56  4:31  SCV  
  57  4:37  SCV  
  57  4:38  Siege Tank  
  61  4:43  SCV  
  62  4:50  SCV  
  63  4:55  SCV  
  60  5:01  Marine  
  60  5:02  SCV  
  60  5:05  Marine  
  57  5:07  SCV  
  57  5:10  Siege Tank  
  57  5:12  Marine  
  57  5:13  Marine  
  60  5:14  SCV  
  60  5:15  Viking  
  60  5:19  Marine  
  60  5:23  Marine  
  61  5:29  Orbital Command, Marine  
  61  5:31  Marine  
  61  5:37  Marine  
  61  5:40  Marine  
  62  5:52  Marine x2  
  62  5:55  Siege Tank  
  62  6:02  Marine x2  
  64  6:06  Combat Shields  
  64  6:09  Marine  
  65  6:12  SCV x2  
  65  6:13  Engineering Bay, Starport Reactor  
  65  6:14  Refinery  
  65  6:17  Supply Depot  
  67  6:19  Marine  
  67  6:20  Marine x2  
  70  6:33  Supply Depot  
  70  6:36  Marine  
  70  6:37  SCV  
  70  6:38  SCV, Marine x2  
  73  6:41  Terran Infantry Weapons Level 1  
  73  6:44  Marine  
  73  6:46  Marine  
  75  6:49  SCV  
  75  6:50  SCV  
  76  6:55  Siege Tank, Marine  
  80  7:01  SCV, Marine  
  80  7:03  SCV  
  80  7:04  Marine  
  80  7:05  Supply Depot  
  80  7:06  Refinery  
  80  7:07  Medivac  
  85  7:14  Missile Turret  
  85  7:20  Marine x2, Medivac  
  85  7:21  Marine  
  84  7:34  SCV, Marine x2, Missile Turret  
  87  7:38  Marine  
  87  7:39  Marine x2  
  87  7:42  SCV  
  91  7:45  Medivac  
  91  7:46  Supply Depot  
  93  7:52  Marine  
  93  7:55  Missile Turret  
  93  7:56  Supply Depot  
  94  8:07  Marine x2, Medivac  
  94  8:09  Marine  
  99  8:13  Siege Tank  
  99  8:18  Medivac  
  104  8:21  Marine  
  104  8:23  Marine  
  104  8:25  Marine  
  104  8:29  Marine  
  105  8:36  Marine  
  105  8:37  Medivac  
  105  8:39  Marine, Supply Depot  
  109  8:41  Marine  
  109  8:43  Marine  
  109  8:47  Marine  
  109  8:53  Marine  
  110  9:02  Marine  
  111  9:03  Marine  
Show
View Real Time Build Order
Export as new Build Order

Classic Protoss 

Build Orders: 1 Gate Expand 

Get SALT Encoding   

  12  0:00  Probe  
  13  0:12  Probe  
  14  0:18  Pylon  
  14  0:24  Probe  
  15  0:36  Gateway  
  15  0:37  Probe (Chrono Boost)  
  16  0:47  Probe (Chrono Boost), Assimilator  
  17  0:52  Probe (Chrono Boost)  
  18  1:03  Probe  
  19  1:15  Probe  
  20  1:25  Nexus  
  20  1:34  Cybernetics Core  
  20  1:38  Probe  
  21  1:44  Assimilator  
  21  1:50  Probe  
  21  1:54  Pylon  
  22  2:02  Probe  
  23  2:12  Stalker (Chrono Boost), Warp Gate  
  23  2:14  Probe  
  26  2:28  Robotics Facility  
  26  2:30  Probe  
  28  2:37  Probe  
  28  2:39  Stalker (Chrono Boost)  
  30  2:46  Probe  
  30  2:49  Probe  
  32  2:54  Shield Battery  
  32  2:59  Probe (Chrono Boost)  
  32  3:01  Probe (Chrono Boost)  
  32  3:02  Stalker  
  35  3:10  Probe (Chrono Boost)  
  35  3:11  Probe (Chrono Boost)  
  37  3:15  Probe x2 (Chrono Boost)  
  39  3:20  Immortal (Chrono Boost)  
  43  3:30  Pylon  
  43  3:31  Probe  
  43  3:32  Probe  
  45  3:40  Gateway  
  45  3:44  Gateway  
  45  3:51  Warp Prism (Chrono Boost)  
  45  3:55  Probe  
  48  3:56  Probe  
  48  4:00  Pylon  
  49  4:07  Probe  
  49  4:08  Probe  
  51  4:11  Twilight Council  
  51  4:15  Stalker  
  53  4:19  Pylon  
  53  4:20  Probe, Observer  
  55  4:28  Probe  
  55  4:30  Assimilator  
  56  4:32  Assimilator  
  56  4:35  Pylon  
  56  4:41  Stalker x2  
  60  4:51  Stalker  
  43  5:10  Stalker x2  
  46  5:14  Stalker  
  46  5:16  Probe x2 (Chrono Boost)  
  48  5:24  Dark Shrine  
  48  5:27  Probe (Chrono Boost)  
  48  5:28  Probe (Chrono Boost)  
  50  5:32  Probe x2 (Chrono Boost)  
  53  5:42  Probe x2  
  54  5:55  Blink, Probe x2 (Chrono Boost), Warp Prism  
  52  6:07  Probe x2 (Chrono Boost)  
  54  6:13  Probe x2 (Chrono Boost)  
  56  6:21  Probe x2  
  58  6:33  Probe x2  
  60  6:43  Dark Templar x3  
  60  6:45  Probe x2  
  68  6:52  Immortal  
  64  7:09  Gateway  
  64  7:12  Gateway  
  64  7:14  Gateway  
  62  7:16  Dark Templar x3  
  66  7:27  Probe (Chrono Boost)  
  66  7:30  Probe (Chrono Boost)  
  66  7:31  Immortal  
  69  7:37  Pylon  
  67  7:50  Stalker x3, Charge (Chrono Boost)  
  73  7:56  Gateway  
  73  7:57  Gateway  
  73  8:08  Sentry x2  
  75  8:21  Zealot x4  
  75  8:25  Pylon  
  83  8:28  Pylon  
  83  8:31  Dark Templar  
  83  8:33  Stalker  
  83  8:41  Zealot  
  83  8:42  Pylon  
  85  8:48  Zealot x3  
  91  8:59  Dark Templar  
  91  9:02  Zealot x2  
  95  9:05  Zealot  
  95  9:09  Stalker  
  87  9:13  Zealot  
Tags
 
Add a new tag
Caveats
  • Supply blocks, unpowered buildings, or Contaminate may cause inaccurate times.
  • Supply counts are checked every 10 seconds.